 Dungeon Crawl Stone Soup version 0.18-a0-1071-g9f02aef (webtiles) character file.

126 MrRokkomies the Skirmisher (level 5, -4/38 HPs)
             Began as an Octopode Skald on Jan 14, 2016.
             Killed from afar by an orc wizard (10 damage)
             ... with a puff of frost
             ... on level 3 of the Dungeon.
             The game lasted 00:04:11 (2071 turns).

MrRokkomies the Skirmisher (Octopode Skald)         Turns: 2071, Time: 00:04:12

Health: -4/38      AC:  1    Str: 12    XL:     5   Next: 9%
Magic:  8/8        EV: 12    Int: 15    God:
Gold:   78         SH:  0    Dex: 11    Spells: 3 memorised, 2 levels left

rFire  . . .     SeeInvis .     a - +0 spear
rCold  . . .     Gourm    .     (no shield)
rNeg   . . .     Faith    .     (helmet restricted)
rPois  .         Spirit   .     (no amulet)
rElec  .         Dismiss  .     (no ring)
rCorr  .         Reflect  .     (no ring)
SustAt .         Harm     .     (no ring)
MR     .....                    (no ring)
Stlth  +++.......               (no ring)
                                (no ring)
                                (no ring)
                                (no ring)

@: not resistant to hostile enchantments, fairly stealthy
A: almost no armour, amphibious, 8 rings, constrict 8, camouflage 1, gelatinous
body 1
a: no special abilities


You were on level 3 of the Dungeon.
You were hungry.

You visited 1 branch of the dungeon, and saw 3 of its levels.

You collected 78 gold pieces.

Inventory:

Hand Weapons
 a - a +0 spear (weapon)
 n - a +0 glaive
Missiles
 i - 4 tomahawks (quivered)
Scrolls
 j - 2 scrolls of identify
 k - a scroll of fog
Potions
 e - a potion of poison {unknown}
 g - 2 potions of magic
 m - a potion of agility {unknown}
Books
 b - a book of Battle

   Spells                             Type                      Level
   a - Infusion                       Charms                       1
   b - Shroud of Golubria             Charms/Translocation         2
   c - Song of Slaying                Charms                       2
   d - Spectral Weapon                Hexes/Charms                 3
   e - Regeneration                   Charms/Necromancy            3
Comestibles
 c - a bread ration
 f - a royal jelly
 h - 4 meat rations
 l - a slice of pizza


   Skills:
 * Level 4.5 Fighting
 - Level 2.0 Polearms
 - Level 1.5 Dodging
 + Level 3.0 Stealth
 - Level 2.0 Spellcasting
 - Level 3.0 Charms


You had 2 spell levels left.
You knew the following spells:

 Your Spells              Type           Power        Failure   Level  Hunger
a - Infusion              Chrm           ##....       8%          1    #......
b - Shroud of Golubria    Chrm/Tloc      #.........   17%         2    ###....
c - Spectral Weapon       Hex/Chrm       #.......     34%         3    ###....


Dungeon Overview and Level Annotations

Branches:
Dungeon (3/15)

Altars:

Annotations:
D:2 Sigmund


Innate Abilities, Weirdness & Mutations

You cannot wear most types of armour.
You are amphibious.
You can wear up to eight rings at the same time.
You can use your tentacles to constrict eight enemies at once.
Your skin changes colour to match your surroundings (Stealth).
Your rubbery body absorbs attacks (AC +1).


Message History

The orc wizard is almost dead.
You constrict the orc wizard.
You kill the orc wizard!
Your Stealth skill increases to level 3!
You have reached level 5!
You feel stronger.
The orc wizard hits you but does no damage.
You hit the orc wizard. You grab the orc wizard.
The orc wizard is moderately wounded.
You constrict the orc wizard. The orc wizard hits you with a dagger.
* * * LOW HITPOINT WARNING * * *
Drink which item? (? for menu, Esc to quit)
You feel better.
You constrict the orc wizard, but do no damage.
The orc wizard points at you and mumbles some strange words.
The magic dart hits you!
* * * LOW HITPOINT WARNING * * *
The orc wizard casts a spell at you. The puff of frost hits you!
You die...

#............###...##.#
#............# #.......
#.........#### #.......
########.........# ###.....
.................###### ####.#
........###...........# #..
........# #.Soo.......# #..
........# #.#o###.....# #..
........###.#@###.....# ####..
............#.........# #.....
######.#####.........# #..... ###
####.#####.........###..... ..#
#.......................... ..#
#..................###.....
..#####.............####...#...##
.....<..##.#####....###.....#.##
..##....##.# #...........<#.#


You could see an orc wizard, an adder and 2 orcs.

Vanquished Creatures
  An orc wizard (D:3)
  Ijyb (D:2)
  3 adders
  2 worms (D:2)
  3 giant geckos (D:1)
  2 giant cockroaches
  4 goblins
  3 hobgoblins (D:1)
  A quokka (D:2)
  A ball python (D:2)
  3 bats (D:1)
  4 giant newts
  7 kobolds
  12 rats
47 creatures vanquished.

Notes
Turn   | Place    | Note
--------------------------------------------------------------
     0 | D:1      | MrRokkomies the Octopode Skald began the quest for the Orb.
     0 | D:1      | Reached XP level 1. HP: 14/14 MP: 3/3
   121 | D:1      | Reached skill level 1 in Stealth
   135 | D:1      | Reached XP level 2. HP: 20/20 MP: 5/5
   700 | D:1      | Reached XP level 3. HP: 23/26 MP: 6/6
   866 | D:2      | Learned a level 2 spell: Shroud of Golubria
   870 | D:2      | Learned a level 3 spell: Spectral Weapon
  1124 | D:2      | Noticed Ijyb
  1138 | D:2      | Killed Ijyb
  1138 | D:2      | Reached skill level 4 in Fighting
  1138 | D:2      | Reached XP level 4. HP: 24/33 MP: 7/7
  1277 | D:2      | Noticed Sigmund
  2069 | D:3      | Reached XP level 5. HP: 14/38 MP: 8/8
  2071 | D:3      | Killed from afar by an orc wizard

Vault maps used:
D:1:      minmay_arrival_three_doors, serial_bayou_pond_d, lemuel_flame_loot_1
D:2:      uniq_sigmund, uniq_jessica, uniq_iyjb

Action                   |  1- 3 |  4- 6 || total
-------------------------+-------+-------++-------
Melee: Spear             |    93 |    33 ||   126
Throw: Tomahawk          |     2 |       ||     2
  Use: Scroll            |     3 |     1 ||     4
       Potion            |       |     1 ||     1
 Stab: Sleeping          |    11 |     4 ||    15
  Eat: Chunk             |     1 |     2 ||     3
